 Dungeon Crawl Stone Soup version 0.29.0-4-gdea44cf6ec (webtiles) character file.

Game seed: 9639015249969422916

67 qw the Ruffian (level 3, 0/36 HPs)
             Began as a Troll Cinder Acolyte on Aug 31, 2022.
             Was a High Priest of Ignis.
             Slain by Ijyb
             ... wielding a +0 club
              (4 damage)
             ... on level 3 of the Dungeon.
             The game lasted 00:00:45 (1485 turns).

qw the Ruffian (Troll Cinder Acolyte)               Turns: 1485, Time: 00:00:46

Health: 0/36       AC: 11    Str: 24    XL:     3   Next: 98%
Magic:  3/3        EV:  9    Int: 10    God:    Ignis [*****.]
Gold:   202        SH:  0    Dex:  5    Spells: 4/4 levels left

rFire   + . .      SeeInvis .     - Unarmed
rCold   . . .      Faith    .   (no shield)
rNeg    . . .      Spirit   .   a - +0 robe
rPois   .          Reflect  .   (helmet restricted)
rElec   .          Harm     .   (no cloak)
rCorr   .          Rampage  .   (gloves unavailable)
Will    .....                   (boots unavailable)
Stlth   +.........              f - amulet of regeneration
HPRegen 1.72/turn               (no ring)
MPRegen 0.08/turn               (no ring)

@: fiery-armoured
A: large, unfitting armour, claws 3, regeneration 1, shaggy fur 1, tough skin 1
a: Renounce Religion, Fiery Armour, Foxfire Swarm, Rising Flame


You were on level 3 of the Dungeon.
You worshipped Ignis.
Ignis was extremely pleased with you.
You visited 1 branch of the dungeon, and saw 3 of its levels.

You collected 202 gold pieces.


Innate Abilities, Weirdness & Mutations

You are too large for most types of armour.
You have claws for hands.
Your natural rate of healing is unusually fast.
You are covered in fur. (AC +1)
You have tough skin. (AC +1)


   Skills:
 - Level 2.4 Fighting
 + Level 4.9 Unarmed Combat
 - Level 1.0 Spellcasting
 - Level 2.1 Fire Magic


You had 4 spell levels left.
You didn't know any spells.
Your spell library contained the following spells:

 Spells                   Type           Power      Damage    Failure   Level
 Scorch                   Fire           8%         2d5       22%         2

Inventory:

Armour
 a - a +0 robe (worn)
Jewellery
 f - an amulet of regeneration (around neck)
Potions
 b - a potion of curing
 c - a potion of flight {unknown}
 d - a potion of haste

Dungeon Overview and Level Annotations

Branches:
Dungeon (3/15)

Altars:
Uskayaw

Annotations:
D:3 Ijyb


Message History

(D) Dungeon
Where to? (* - list waypoints, Enter - D:2, ? - help)
What level of the Dungeon? (default 1, ? - help)
There is a stone staircase leading down here.
You climb downwards.
Ijyb shouts!
Found 19 gold pieces.
There is a stone staircase leading up here.
Ijyb is nearby!
Existing waypoints: (1) D:2 (2) D:1 Assign waypoint to what number? (0-9, D - delete waypoint) Waypoint 2 re-assigned from D:1 to D:3.
Ijyb zaps a wand.
The bolt of dispelling energy hits you!
Ijyb zaps a wand.
The bolt of dispelling energy hits you!
1479 ||| INVOKING Fiery Armour.
A protective cloak of flame settles atop you.
Ijyb hits you but does no damage. Ijyb is burned by your cloak of flames.
Ijyb is lightly wounded.
You claw Ijyb!
Ijyb is moderately wounded.
You scratch Ijyb.
Ijyb is heavily wounded.
Ijyb hits you but does no damage.
You claw Ijyb!
Ijyb is almost dead.
Ijyb hits you but does no damage.
You closely miss Ijyb.
Ijyb is almost dead.
Ijyb hits you but does no damage.
You barely miss Ijyb.
Ijyb is almost dead.
Ijyb screams, "Me stronger than you!"
Ijyb zaps a wand.
The bolt of dispelling energy hits you!!
Ouch! That really hurt!
You scratch Ijyb but do no damage.
Ijyb is almost dead.
Ijyb hits you with a +0 club.
You die...

###########
..........#####
#......<.@g...#
$.##..#######...#
#. # #. #


You could see Ijyb.

Vanquished Creatures
  3 adders (D:2)
  A dart slug (D:2)
  5 ball pythons
  2 endoplasms
  2 goblins (D:1)
  6 hobgoblins
  3 jackals (D:1)
  5 kobolds (D:1)
  A quokka (D:1)
  A bat (D:1)
  2 frilled lizards
  7 rats
38 creatures vanquished.

Notes
Turn   | Place    | Note
-------+----------+-------------------------------------------
     0 | D:1      | qw the Troll Cinder Acolyte began the quest for the Orb.
     0 | D:1      | Reached XP level 1. HP: 22/22 MP: 1/1
     0 | D:1      | 0 ||| qw: Version: 0.1-a-97-g2dd2ca4
     0 | D:1      | 0 ||| qw: Game counter: 4488
     0 | D:1      | 0 ||| qw: Always use a shield: true
     0 | D:1      | 0 ||| qw: God list: Okawaru
     0 | D:1      | 0 ||| qw: Allow faded altars: false
     0 | D:1      | 0 ||| qw: Do Orc after D:15 true
     0 | D:1      | 0 ||| qw: Do second Lair branch before Depths: true
     0 | D:1      | 0 ||| qw: Lair rune preference: random
     0 | D:1      | 0 ||| qw: Plans: Normal
     0 | D:1      | 0 ||| PLANNING D:1-11
    43 | D:1      | 43 ||| Stepping ~*~*~tactically~*~*~ (stealth).
   214 | D:1      | 214 ||| Stepping ~*~*~tactically~*~*~ (stealth).
   222 | D:1      | Reached XP level 2. HP: 25/29 MP: 2/2
   253 | D:1      | 253 ||| Stepping ~*~*~tactically~*~*~ (stealth).
   329 | D:1      | You fall into a shaft and drop 1 floor!
   362 | D:2      | 362 ||| READING scroll labelled RAIWEC XEANN.
   376 | D:2      | 376 ||| READING scroll labelled ASESOXZ RIMIY.
   377 | D:2      | 377 ||| READING scroll labelled XUSAYM EBOTE.
   378 | D:2      | 378 ||| READING scroll labelled HAUPHU LEMIKAU.
   379 | D:2      | 379 ||| DRINKING 2 emerald potions.
   423 | D:2      | 423 ||| READING scroll labelled ISEMAINL DEMNU.
   464 | D:1      | 464 ||| Stepping ~*~*~tactically~*~*~ (stealth).
   474 | D:1      | 474 ||| Stepping ~*~*~tactically~*~*~ (outnumbered).
   475 | D:1      | 475 ||| Stepping ~*~*~tactically~*~*~ (outnumbered).
   476 | D:1      | 476 ||| Stepping ~*~*~tactically~*~*~ (outnumbered).
   622 | D:1      | 622 ||| Stepping ~*~*~tactically~*~*~ (stealth).
   626 | D:1      | Reached skill level 4 in Unarmed Combat
   626 | D:1      | 626 ||| Stepping ~*~*~tactically~*~*~ (stealth).
   749 | D:1      | Found a faded altar of an unknown god.
   767 | D:1      | 767 ||| Stepping ~*~*~tactically~*~*~ (stealth).
   768 | D:1      | Found a faded altar of an unknown god.
   775 | D:1      | Reached XP level 3. HP: 36/36 MP: 3/3
   941 | D:1      | 941 ||| READING scroll labelled CUTHRE JAAV.
   942 | D:1      | 942 ||| DRINKING 2 grey potions.
  1293 | D:2      | Found a hide-covered altar of Uskayaw.
  1448 | D:2      | 1448 ||| UPGRADING to amulet of regeneration.
  1453 | D:2      | 1453 ||| READING scroll labelled VOM ATIRAPRE.
  1476 | D:3      | Noticed Ijyb
  1479 | D:3      | 1479 ||| INVOKING Fiery Armour.
  1484 | D:3      | HP: 3/36 [Ijyb/bolt of dispelling energy (18)]
  1485 | D:3      | Slain by Ijyb

Levels and vault maps discovered:
D:1:      onia_arrival_pentagram, layout_basic, serial_forest,
          infiniplex_forest_straight_2, infiniplex_forest_corner_1,
          infiniplex_forest_clump_double, infiniplex_forest_clump_long,
          hellmonk_ecumenical_altar_the_god_not_taken,
          chequers_serial_rivers_small_3,
          nicolae_concentric_dashed_squares_wild, minivault_11,
          minmay_misc_feat_four_crosses, minmay_indecisive_spiral
D:2:      layout_basic, basic_altar
D:3:      cheibrodos_fertilizer, layout_rooms, amcnicky_altar_gilded, uniq_ijyb

Skill      XL: |  1  2 |
---------------+-------+-----
Unarmed Combat | 4 |  4.9
Fighting       | |  2.4
Spellcasting   | |  1.0
Fire Magic     | |  2.1

Action                   || total
-------------------------++-------
Melee: Unarmed           ||    91
       Punch             ||     2
Invok: Fiery Armour      ||     1
  Use: Scroll            ||     7
       Potion            ||     2
Armor: Robe              ||    23
Dodge: Dodged            ||    32

Table legend:
 A = Non-vault XP
 B = Vault XP
 C = Vault XP percentage of total XP
 D = Non-vault monster count
 E = Vault monster count
 F = Vault count percentage of total count
                 A         B        C        D         E       F
            +---------+---------+-------+---------+---------+-------
      Total |      90 |       6 |   6.2 |      34 |       4 |  10.5
            +---------+---------+-------+---------+---------+-------
        D:1 |      35 |       6 |  14.6 |      21 |       4 |  16.0
        D:2 |      55 |       0 |   0.0 |      13 |       0 |   0.0
            +---------+---------+-------+---------+---------+-------
